 Seeded DCSS version 0.30-a0-879-ga8ba668 (webtiles) character file.

Game seed: 4232325450695240870 (custom seed)

23 Bazzalis the Caller (level 3, -1/28 HPs)
             Began as a Naga Summoner on Mar 13, 2023.
             Slain by a hobgoblin (3 damage)
             ... led by Robin
             ... on level 1 of the Dungeon.
             The game lasted 00:08:08 (1361 turns).

Bazzalis the Caller (Naga Summoner)                 Turns: 1361, Time: 00:08:08

Health: -1/28      AC:  2    Str: 10    XL:     3   Next: 0%
Magic:  2/6        EV:  9    Int: 17    God:
Gold:   45         SH:  0    Dex: 11    Spells: 5/6 levels left

rFire   . . .      SeeInvis +    h - +0 short sword (venom)
rCold   . . .      Faith    .    (no shield)
rNeg    . . .      Spirit   .    f - +0 leather armour
rPois   +          Reflect  .    (no helmet)
rElec   .          Rampage  .    (no cloak)
rCorr   .                        (no gloves)
Will    .....                    (no barding)
Stlth   ++                       (no amulet)
HPRegen 0.24/turn                (no ring)
MPRegen 0.10/turn                (no ring)

@: very slow
A: AC +1, large, see invisible, deformed body, poison resistance, slowness 2,
spit poison 1, naga tail 1
a: Spit Poison


You were on level 1 of the Dungeon.
You visited 1 branch of the dungeon, and saw 2 of its levels.

You collected 45 gold pieces.

Inventory:

Hand Weapons
 h - a +0 short sword of venom (weapon)
   (You took it off a kobold on level 1 of the Dungeon)
Missiles
 c - 6 poisoned darts
 g - 4 javelins
Armour
 f - a +0 leather armour (worn)
   (You found it on level 1 of the Dungeon)
 j - a +0 leather armour
   (You found it on level 1 of the Dungeon)
Scrolls
 a - a scroll of teleportation {unknown}
 d - a scroll of identify {unknown}
 k - 3 scrolls of fog {unknown}
Potions
 b - a potion of magic
 e - a potion of mutation {unknown}
 i - a potion of degeneration {unknown}


   Skills:
 - Level 1.5 Dodging
 - Level 3.0 Stealth
 + Level 2.4 Spellcasting
 * Level 4.6 Summonings


You had 5 spell levels left.
You knew the following spells:

 Your Spells              Type           Power      Damage    Failure   Level
a - Summon Small Mammal   Summ           68%        N/A       3%          1

Your spell library contained the following spells:

 Spells                   Type           Power      Damage    Failure   Level
 Call Imp                 Summ           17%        N/A       6%          2
 Call Canine Familiar     Summ           17%        N/A       12%         3
 Apportation              Tloc           4%         N/A       26%         1
 Summon Guardian Golem    Hex/Summ       9%         N/A       30%         3
 Summon Lightning Spire   Summ/Air       9%         N/A       69%         4
 Alistair's Intoxication  Tmut/Pois      1%         N/A       100%        5


Dungeon Overview and Level Annotations

Branches:
Dungeon (2/15)

Altars:


Innate Abilities, Weirdness & Mutations

Your serpentine skin is tough. (AC +1)
You have supernaturally acute eyesight. (SInv)
Armour fits poorly on your strangely shaped body.
Your system is resistant to poisons. (rPois)
You cover ground very slowly.
You can spit poison.
You have a snake-like lower body.


Message History

Your quokka barely misses the hobgoblin.
The hobgoblin hits you.
The hobgoblin closely misses your quokka.
The goblin hits your quokka but does no damage.
A ball python comes into view.
Your quokka misses the goblin. The hobgoblin barely misses you.
The hobgoblin barely misses your quokka.
The goblin completely misses your quokka.
You closely miss the hobgoblin.
You kill the hobgoblin!
Your quokka bites the goblin.
Your bat hits the goblin.
The goblin dies!
Your quokka bites the hobgoblin but does no damage.
You have reached level 3!
Your experience leads to an increase in your attributes!
Increase (S)trength, (I)ntelligence, or (D)exterity?
You feel clever. x2; Your skin feels tougher.
You barely miss the hobgoblin.
Your quokka barely misses the hobgoblin.
The hobgoblin hits you.
Your bat barely misses the hobgoblin.
The hobgoblin barely misses your quokka. x2
You hit the hobgoblin.
Your bat hits the hobgoblin but does no damage.
Your quokka closely misses the hobgoblin.
The hobgoblin closely misses you. The hobgoblin hits your quokka.
Your quokka dies!
Your quokka's corpse disappears in a puff of smoke!
Your bat closely misses the hobgoblin.
The hobgoblin hits you.
You climb upwards.
Your summoned ally is left behind.
There is a stone staircase leading down here.
The hobgoblin closely misses you. The hobgoblin attacks as you move away!
The hobgoblin barely misses you. x3
The hobgoblin attacks as you move away! The hobgoblin hits you.
The hobgoblin barely misses you.
There is an open door here.
The hobgoblin attacks as you move away! The hobgoblin hits you.
* * * LOW HITPOINT WARNING * * *
The hobgoblin barely misses you. The hobgoblin attacks as you move away!
The hobgoblin closely misses you. The hobgoblin closely misses you.
The hobgoblin hits you.
* * * LOW HITPOINT WARNING * * *
Your rat misses the hobgoblin. The hobgoblin hits you.
* * * LOW HITPOINT WARNING * * *
The hobgoblin hits you.
* * * LOW HITPOINT WARNING * * *
Your rat bites the hobgoblin.
The hobgoblin barely misses you.
Your rat barely misses the hobgoblin.
Your rat bites the hobgoblin but does no damage.
The hobgoblin attacks as you move away! The hobgoblin hits you.
You die...

........# ##.......#.#
.##.###.# ########.#.######
.##.###.# ##'## #........#
.##..##.# ##...## #.#.####.#
.###.##.###.....## #.#.## #.#
.##..##.##......>###.#).###.#
..................##.#...##.#
..................'.........#
#....###.......g@.##.#....#.##
#.#..# #.#.....g.###.##......#
#.#..# #.##....r## #........##
#.#.## #.###...## #######.##
#.#.# #.# ##'## #.# #>#.####.#
#.# #.# #........# #.#
##########.#
###.#########.###..........#
#.........#...##.#######..#


You could see 2 hobgoblins and a friendly rat (summoned).

Vanquished Creatures
  An endoplasm (D:1)
  2 hobgoblins
3 creatures vanquished.

Vanquished Creatures (collateral kills)
  A ball python (D:1)
  4 bats (D:1)
  3 endoplasms (D:1)
  2 giant cockroaches (D:1)
  A hobgoblin (D:1)
  3 goblins
  4 kobolds (D:1)
18 creatures vanquished.

Grand Total: 21 creatures vanquished

Notes
Turn   | Place    | Note
-------+----------+-------------------------------------------
     0 | D:1      | Bazzalis the Naga Summoner began the quest for the Orb.
     0 | D:1      | Reached XP level 1. HP: 15/15 MP: 3/3
   211 | D:1      | Found a faded altar of an unknown god.
   321 | D:1      | Reached XP level 2. HP: 22/22 MP: 1/5
  1344 | D:2      | Reached XP level 3. HP: 23/28 MP: 1/6
  1358 | D:1      | HP: 1/28 [hobgoblin[Robin] (4)]
  1361 | D:1      | Slain by a hobgoblin

Illustrated notes

Levels and vault maps discovered:
D:1:      giann_horns, layout_loops_corners, basic_ecumenical_altar
D:2:      layout_basic, basic_altar, uniq_robin, uniq_crazy_yiuf_cottage

Action                     || total
---------------------------++-------
  Melee: Unarmed           ||     7
         Short sword       ||    11
   Cast: Summon Small Mamm ||    33
 Armour: Robe              ||     3
         Leather armour    ||     9
  Dodge: Dodged            ||    31

Table legend: (Time is in decaauts)
 A = Elapsed time spent in this place.
 B = Non-inter-level travel time spent in this place.
 C = Inter-level travel time spent in this place.
 D = Time resting spent in this place.
 E = Time spent auto-exploring this place.
 F = Levels seen in this place.
 G = Mean time per level.
                   A        B        C        D        E       F      G
               +--------+--------+--------+--------+--------+-----+--------+
         Total |   1739 |   1662 |     77 |     34 |   1356 |   2 |  869.5 |
       Dungeon |   1739 |   1662 |     77 |     34 |   1356 |   2 |  869.5 |
               +--------+--------+--------+--------+--------+-----+--------+

Top non-repeatable levels by time:
     D:1: 1721 daAuts
     D:2: 17 daAuts
